 Dungeon Crawl Stone Soup version 0.17-a0-1621-gfc7a675 (webtiles) character file.

117 Horst the Shield-Bearer (level 5, -1/42 HPs)
             Began as a Formicid Fighter on Aug 2, 2015.
             Slain by trantor's ghost (6 damage)
             ... on level 3 of the Dungeon.
             The game lasted 00:25:01 (3074 turns).

Horst the Shield-Bearer (Formicid Fighter)          Turns: 3074, Time: 00:25:01

Health: -1/42      AC:  8    Str: 21    XL:     5   Next: 22%
Magic:  5/5        EV:  9    Int:  8    God:
Gold:   71         SH:  9    Dex: 10    Spells: 0 memorised, 4 levels left

rFire  . . .     SeeInvis +     y - +0 long sword
rCold  . . .     Clarity  .     b - +0 scale mail
rNeg   . . .     SustAt   .     c - +0 shield
rPois  .         Gourm    .     (helmet unavailable)
rElec  .         Spirit   .     (no cloak)
rCorr  .         Warding  .     h - +0 pair of gloves
rMut   .         Stasis   +     (no boots)
MR     .....                    (no amulet)
Stlth  ..........               (no ring)
                                (no ring)

@: not resistant to hostile enchantments, extremely unstealthy
A: permanent stasis, dig shafts and tunnels, four strong arms, antennae 3
a: Dig, Shaft Self


You were on level 3 of the Dungeon.
You were not hungry.

You visited 1 branch of the dungeon, and saw 3 of its levels.

You collected 71 gold pieces.

Inventory:

Hand weapons
 a - a +0 long sword
 s - a +2 dagger of draining
 y - a +0 long sword (weapon)
Armour
 b - a +0 scale mail (worn)
 c - a +0 shield (worn)
 d - a +0 helmet
 h - a +0 pair of gloves (worn)
 o - a +0 ring mail
Scrolls
 g - a scroll of random uselessness {unknown}
 j - a scroll of immolation {unknown}
 k - 2 scrolls of identify
 p - a scroll of remove curse {unknown}
 t - 2 scrolls of recharging
 u - a scroll of fear {unknown}
 w - a scroll of enchant armour {unknown}
 x - a scroll of fog {unknown}
 D - a scroll of teleportation {unknown}
Potions
 f - a potion of brilliance {unknown}
 i - 2 potions of degeneration
 l - a potion of lignification {unknown}
 m - a potion of beneficial mutation {unknown}
 n - a potion of haste {unknown}
 r - 4 potions of flight
 z - a potion of cure mutation {unknown}
 A - a potion of curing {unknown}
 E - a potion of experience {unknown}
 Q - a potion of might (quivered)
Comestibles
 e - 2 bread rations
 q - a beef jerky
 v - a royal jelly
 C - a meat ration


   Skills:
 + Level 3.7 Fighting
 + Level 2.6 Long Blades
 + Level 3.7 Armour
 + Level 1.6 Dodging
 + Level 0.3 Stealth
 + Level 4.8 Shields


You had 4 spell levels left.
You didn't know any spells.

Dungeon Overview and Level Annotations

Branches:
Dungeon (3/15)

Altars:

Annotations:
D:3 trantor's ghost, experienced HEHu


Innate Abilities, Weirdness & Mutations

You are under a permanent stasis effect.
You can dig through walls and to a lower floor.
Your four strong arms can wield two-handed weapons with a shield.
You have a pair of large antennae on your head (SInv).


Message History

Trantor's ghost hits you but does no damage.
You hit trantor's ghost but do no damage.
Trantor's ghost is moderately damaged.
Trantor's ghost barely misses you. x2
You closely miss trantor's ghost.
Trantor's ghost is moderately damaged.
Trantor's ghost hits you.
* * * LOW HITPOINT WARNING * * *
You closely miss trantor's ghost.
Trantor's ghost is moderately damaged.
Trantor's ghost completely misses you.
You closely miss trantor's ghost.
Trantor's ghost is moderately damaged.
Trantor's ghost hits you but does no damage.
Trantor's ghost hits you!
* * * LOW HITPOINT WARNING * * *
You barely miss trantor's ghost.
Trantor's ghost is moderately damaged.
Trantor's ghost hits you.
You die...

....#....#..........####'##
....#....#................#
....#....#................#
....#....#.##.............#
#####....#.########.##.#.###
8####)...#.# #........#
...##....#.###### #.#..#.#.#
8#..'...........###...(#.#.#
#####...........@WK.##.#.#.#
# #....))......#.....#.#.# #
#####..#####.#.###.#.#.#
#..#.......# #.#.#.#
#..#.###.#####.#.#.# #..#.#
#.....#.#.#.# #..#.#
#####.#.#...# {{.#.#
#...##### {#{##.# #.###


You could see trantor's ghost and a kobold.

Vanquished Creatures
  Natasha (thrice) (D:2)
  Robin (D:2)
  A worm (D:2)
  2 giant geckos
  2 giant cockroaches
  12 hobgoblins
  A ball python (D:1)
  10 bats
  4 giant newts
  16 goblins
  5 kobolds
  3 quokkas
  12 rats
72 creatures vanquished.

Notes
Turn   | Place    | Note
--------------------------------------------------------------
     0 | D:1      | Horst the Formicid Fighter began the quest for the Orb.
     0 | D:1      | Reached XP level 1. HP: 18/18 MP: 1/1
   199 | D:1      | Reached XP level 2. HP: 20/24 MP: 2/2
   368 | D:1      | Reached skill level 4 in Shields
  1105 | D:1      | Reached XP level 3. HP: 26/29 MP: 3/3
  1223 | D:2      | Noticed Robin
  1226 | D:2      | Killed Robin
  1234 | D:2      | Reached skill level 1 in Dodging
  1316 | D:2      | Reached XP level 4. HP: 35/35 MP: 4/4
  1506 | D:2      | Noticed Natasha
  1523 | D:2      | Killed Natasha
  1590 | D:2      | Noticed Natasha
  1596 | D:2      | Killed Natasha
  1958 | D:2      | Reached XP level 5. HP: 40/42 MP: 5/5
  2115 | D:2      | Noticed Natasha
  2117 | D:2      | Killed Natasha
  3009 | D:3      | Noticed trantor's ghost (experienced HEHu)
  3074 | D:3      | Slain by trantor's ghost

Vault maps used:
D:1:      onia_arrival_handbag
D:2:      uniq_robin, uniq_natasha
D:3:      small_statue_intersection

Action                   |  1- 3 |  4- 6 || total
-------------------------+-------+-------++-------
Melee: Long sword        |   106 |   138 ||   244
  Use: Potion            |     1 |       ||     1
       Scroll            |       |     3 ||     3
  Eat: Chunk             |     1 |     6 ||     7
